 Dungeon Crawl Stone Soup version 0.31-a0-835-g2a3a5bc3be (webtiles) character file.

Game seed: 7235134633845554944

10103 Ijustatesigmund the Thaumaturge (level 11, -5/63 HPs)
             Began as a Deep Elf Fire Elementalist on Sept 26, 2023.
             Was a Priest of Vehumet.
             Slain by Rupert
             ... wielding a +5 great mace of protection
              (13 damage)
             ... on level 13 of the Dungeon.
             The game lasted 00:37:55 (14904 turns).

Ijustatesigmund the Thaumaturge (DEFE)             Turns: 14904, Time: 00:37:55

Health: -5/63      AC: 10    Str:  9    XL:     11   Next: 31%
Magic:  25/29      EV: 13    Int: 24    God:    Vehumet [***...]
Gold:   401        SH:  0    Dex: 14    Spells: 22/34 levels left

rFire   . . .        d - +1 longbow
rCold   + . .        (shield currently unavailable)
rNeg    . . .        f - +0 steam dragon scales
rPois   .            (no helmet)
rElec   .            t - +2 cloak
rCorr   +            (no gloves)
SInv    .            (no boots)
Will    +....        (no amulet)
Stlth   +            q - ring of resist corrosion
HPRegen 0.30/turn    (no ring)
MPRegen 0.21/turn

%: no passive effects
@: confused, studying Polearms
A: iridescent scales 1, cold resistance 1, strong 1
a: Renounce Religion


You were on level 13 of the Dungeon.
You worshipped Vehumet.
Vehumet was most pleased with you.
You visited 2 branches of the dungeon, and saw 12 of its levels.

You collected 401 gold pieces.

Inventory:

Hand Weapons
 d - a +1 longbow (weapon)
 h - the +3 mace "Tiarphaf" {vamp, rC+}
   (You took it off a goblin on level 2 of the Dungeon)

   rC+:       It protects you from cold.
Missiles
 p - 5 throwing nets
Armour
 a - a +2 robe of willpower
 f - +0 steam dragon scales (worn)
 t - a +2 cloak (worn)
Jewellery
 q - a ring of resist corrosion (left hand)
Wands
 c - a wand of flame (77)
 e - a wand of charming (7)
 i - a wand of polymorph (7)
 l - a wand of roots (8)
Scrolls
 j - 3 scrolls of teleportation
 k - 2 scrolls of silence
 n - 3 scrolls of immolation
 u - a scroll of poison
 w - 2 scrolls of identify
 y - a scroll of fear
Potions
 b - a potion of magic
 g - 2 potions of mutation
 m - a potion of enlightenment
 o - 2 potions of brilliance
 r - a potion of degeneration {unknown}
 s - a potion of curing {unknown}
 v - a potion of haste


   Skills:
 - Level 5.0 Fighting
 - Level 5.1 Ranged Weapons
 - Level 3.0 Armour
 - Level 3.1 Dodging
 - Level 2.4 Stealth
 + Level 12.0 Spellcasting
 + Level 9.6 Conjurations
 + Level 9.0 Fire Magic
 - Level 4.5 Air Magic
 + Level 2.8 Poison Magic
 - Level 2.0 Evocations


You had 22 spell levels left.
You knew the following spells:

 Your Spells              Type           Power      Damage    Failure   Level
a - Foxfire               Conj/Fire      100%       2x1d9     1%          1
b - Scorch                Fire           100%       2d9       1%          2
c - Flame Wave            Conj/Fire      56%        2d13      1%          4
d - Swiftness             Air            36%        N/A       1%          3
e - Poisonous Vapours     Pois/Air       64%        N/A       1%          2

Your spell library contained the following spells:

 Spells                   Type           Power      Damage    Failure   Level
 Ignite Poison            Fire/Tmut/Pois 33%        N/A       1%          3
 Shock                    Conj/Air       100%       1d9       1%          1
 Inner Flame              Hex/Fire       36%        N/A       1%          3
 Volatile Blastmotes      Fire/Tloc      72%        2d16      1%          3
 Airstrike                Air            18%        2d(3-19)  1%          4


Dungeon Overview and Level Annotations

Branches:
Dungeon (13/15)            Temple (1/1) D:5             Orc (0/2) D:9
   Lair: D:8-11      Vaults: D:13-14

Altars:
Ashenzari
Cheibriados
Dithmenos
Elyvilon
Fedhas
Gozag
Hepliaklqana
Kikubaaqudgha
Makhleb
Nemelex Xobeh
Okawaru
Qazlal
Ru
Sif Muna
Trog
Uskayaw
Vehumet
Wu Jian
Xom
Yredelemnul
Zin
The Shining One

Shops:
D:1 (   D:5 [   D:7 *   D:8 [(?   D:9 =

Annotations:
D:10 2 transporters, GreedOfGod's ghost, journeyman DsFi
D:13 Rupert


Innate Abilities, Weirdness & Mutations

You are partially covered in iridescent scales. (AC +2)
Your flesh is cold resistant. (rC+)
Your muscles are strong. (Str +4, Int/Dex -1)


Message History

Aim: a centaur warrior, wielding a +0 orcbow (chance to affect: 37%)
The centaur warrior easily resists.
Rupert the Wild comes into view.
He is wielding a +5 great mace of protection and wearing a +3 ring mail of willpower.
Aiming: Charm
Press: ? - help, Shift-Dir - straight line, f/p - centaur warrior
Aim: a centaur warrior, wielding a +0 orcbow (chance to affect: 37%)
The centaur warrior easily resists.
Rupert shouts!
The centaur warrior shoots an arrow.
The arrow barely misses you.
Rupert flexes.
The centaur warrior shoots an arrow.
The arrow closely misses you.
Aiming: Charm
Press: ? - help, Shift-Dir - straight line, f/p - centaur warrior
Aim: a centaur warrior, wielding a +0 orcbow (chance to affect: 37%)
The centaur warrior is charmed.
Rupert yells loudly at you.
You are confused.
Okay, then.
Rupert does some quick breathing exercises.
Items here: ) [[ †.
Okay, then.
What are your orders? t - Shout!
Anything else - Cancel.
Okay, then.
Unknown command.
Items here: ) [[ †.
Rupert roars wildly at you.
You suddenly lose the ability to move!
You feel less confused. Rupert roars wildly at you.
You struggle to resist.
A basilisk comes into view.
Rupert yells loudly at you.
You are confused.
You can move again.
You see here a scroll of vulnerability.
Rupert attacks as he pursues you!
Rupert hits you with a +5 great mace of protection!
You die...
Rupert roars with triumph.

.....#( ###
.......
#..##....$#
##.........#
##.........#..
#.......>.$...
......##.#####...#
....###...#.##....
.... #...@@.......
#.. #...)c.......
............/.....
.................
..#..............
..............##.
##..(..#..#l..#
#..(..####...#
##.... ....


You could see Rupert, a basilisk and a friendly centaur warrior (charmed).

Vanquished Creatures
  A two-headed ogre (D:9)
  A tengu warrior (D:13)
  Pikel (D:5)
  A gargoyle (D:10)
  Maggie (D:7)
  2 trolls
  Sigmund (D:5)
  2 wyverns (D:8)
  A wraith (D:9)
  2 steam dragons
  5 yaks
  Menkaure (D:7)
  A water moccasin (D:8)
  Duvessa (D:7)
  8 orc warriors
  2 sky beasts
  2 ice beasts
  A black bear (D:6)
  7 ogres
  5 centaurs
  2 phantoms
  3 bullfrogs
  4 kobold brigands
  A scorpion (D:6)
  3 gnoll sergeants
  10 wights
  Dowan (D:7)
  11 killer bees
  8 howler monkeys
  4 gnoll boudas
  An orc priest (D:6)
  2 hounds
  3 jellies (D:6)
  Crazy Yiuf (D:5)
  A sleepcap (D:8)
  Jessica (D:2)
  Ijyb (D:3)
  Terence (D:2)
  4 iguanas
  Natasha (thrice) (D:2)
  6 orc wizards
  20 gnolls
  10 adders
  An ufetubus (D:5)
  A worm (D:4)
  2 dart slugs
  23 orcs
  7 endoplasms
  3 giant cockroaches
  8 goblins
  7 hobgoblins
  6 jackals
  5 quokkas
  4 ball pythons
  9 bats
  4 frilled lizards
  22 kobolds
  5 rats
254 creatures vanquished.

Vanquished Creatures (collateral kills)
  A gnoll bouda (D:5)
  2 gnolls (D:5)
3 creatures vanquished.

Vanquished Creatures (others)
  200 foxfires
200 creatures vanquished.

Grand Total: 457 creatures vanquished

Notes
Turn   | Place    | Note
-------+----------+-------------------------------------------
     0 | D:1      | Ijustatesigmund the Deep Elf Fire Elementalist began the
                  | quest for the Orb.
     0 | D:1      | Reached XP level 1. HP: 10/10 MP: 6/6
   407 | D:1      | Found Dusiaxanow's Antique Weapon Shop.
   444 | D:1      | Reached XP level 2. HP: 16/16 MP: 6/8
   447 | D:1      | Learned a level 2 spell: Scorch
  1344 | D:1      | Found a faded altar of an unknown god.
  1442 | D:2      | Noticed Terence
  1474 | D:1      | Reached skill level 1 in Fighting
  1782 | D:2      | Noticed Jessica
  1784 | D:2      | Reached XP level 3. HP: 20/20 MP: 8/10
  1789 | D:2      | Killed Jessica
  1927 | D:2      | Noticed Natasha
  1936 | D:2      | Killed Natasha
  1937 | D:2      | Reached XP level 4. HP: 20/25 MP: 5/11
  1989 | D:2      | Reached skill level 4 in Spellcasting
  2592 | D:2      | Noticed Natasha
  2593 | D:2      | Identified the +3 mace "Tiarphaf" {vamp, rC+}
  2597 | D:2      | Killed Natasha
  2708 | D:2      | Noticed Natasha
  2713 | D:2      | Killed Natasha
  2714 | D:2      | Reached XP level 5. HP: 30/30 MP: 8/13
  2754 | D:2      | Learned a level 4 spell: Flame Wave
  2989 | D:2      | Killed Terence
  3034 | D:3      | Noticed an orc warrior
  3403 | D:3      | Killed an orc warrior
  3404 | D:3      | Reached skill level 5 in Spellcasting
  3404 | D:3      | Reached XP level 6. HP: 25/36 MP: 2/15
  3636 | D:3      | Found an ornate altar of the Wu Jian Council.
  3643 | D:3      | Noticed a spectral centipede
  3643 | D:3      | Noticed a spectral black mamba
  3643 | D:3      | Noticed a spectral cane toad
  4099 | D:3      | Noticed Ijyb
  4103 | D:3      | Gained mutation: You are partially covered in iridescent
                  | scales. (AC +2) [potion of mutation]
  4103 | D:3      | Gained mutation: Your flesh is cold resistant. (rC+)
                  | [potion of mutation]
  4103 | D:3      | Gained mutation: Your muscles are strong. (Str +4, Int/Dex
                  | -1) [potion of mutation]
  4117 | D:3      | Killed Ijyb
  4384 | D:3      | Reached skill level 5 in Fire Magic
  5120 | D:4      | Reached XP level 7. HP: 40/40 MP: 11/17
  5774 | D:4      | Found a shimmering blue altar of Sif Muna.
  5870 | D:4      | Found a white marble altar of Elyvilon.
  5879 | D:4      | Reached skill level 1 in Ranged Weapons
  5879 | D:4      | Reached skill level 6 in Spellcasting
  5901 | D:4      | Found a broken altar of Ashenzari.
  5904 | D:4      | Found a stormy altar of Qazlal.
  5904 | D:4      | Found a blossoming altar of Fedhas.
  5911 | D:4      | Found a sacrificial altar of Ru.
  6303 | D:5      | Entered Level 5 of the Dungeon
  6310 | D:5      | Noticed Pikel
  6319 | D:5      | Killed Pikel
  6320 | D:5      | Reached skill level 5 in Conjurations
  6320 | D:5      | Reached XP level 8. HP: 41/46 MP: 10/20
  6321 | D:5      | Reached skill level 7 in Spellcasting
  7092 | D:5      | Found Exiti's Antique Armour Shop.
  7421 | D:5      | Noticed a troll
  7592 | D:5      | Found a staircase to the Ecumenical Temple.
  7602 | Temple   | Entered the Ecumenical Temple
  7625 | Temple   | Became a worshipper of Vehumet
  7659 | D:5      | Noticed Sigmund
  7663 | D:5      | Killed Sigmund
  7750 | D:5      | Reached skill level 5 in Ranged Weapons
  7818 | D:5      | Reached skill level 8 in Spellcasting
  8393 | D:5      | Killed a troll
  8394 | D:5      | Reached XP level 9. HP: 50/50 MP: 16/23
  8663 | D:5      | Found a runed translucent door.
  8664 | D:5      | Noticed Crazy Yiuf
  8670 | D:5      | Killed Crazy Yiuf
  8832 | D:6      | Reached skill level 1 in Armour
  8920 | D:6      | Reached * piety under Vehumet
  8920 | D:6      | Offered knowledge of Freeze by Vehumet.
  9084 | D:6      | Reached skill level 9 in Spellcasting
  9796 | D:6      | Found a sparkling altar of Nemelex Xobeh.
  9901 | D:7      | Noticed Menkaure
 10093 | D:7      | Killed Menkaure
 10221 | D:7      | Learned a level 3 spell: Swiftness
 10237 | D:7      | Noticed Duvessa
 10245 | D:7      | Noticed Dowan
 10246 | D:7      | Killed Duvessa
 10271 | D:7      | Noticed Maggie
 10503 | D:8      | Reached skill level 1 in Air Magic
 10503 | D:8      | Reached skill level 1 in Evocations
 10503 | D:8      | Reached XP level 10. HP: 42/56 MP: 17/25
 10655 | D:8      | Offered knowledge of Poisonous Vapours by Vehumet.
 10657 | D:8      | Reached ** piety under Vehumet
 10658 | D:8      | Reached skill level 10 in Spellcasting
 10937 | D:7      | Killed Maggie
 11249 | D:7      | Found Fikkityo's Neck Hole.
 11269 | D:7      | Killed Dowan
 12036 | D:8      | Found Ostioh's Armour Emporium.
 12161 | D:8      | Found Jid Run's Weapon Shoppe.
 12549 | D:8      | Found an opulent altar of Gozag.
 12742 | D:8      | Found Oxuwar's Magic Scroll Emporium.
 12924 | D:9      | Reached skill level 11 in Spellcasting
 13080 | D:9      | Found Gubontiu's Jewellery Shoppe.
 13232 | D:9      | Noticed a two-headed ogre
 13245 | D:9      | Killed a two-headed ogre
 13252 | D:9      | Learned a level 2 spell: Poisonous Vapours
 13284 | D:9      | Reached skill level 5 in Fighting
 13284 | D:9      | Reached XP level 11. HP: 63/63 MP: 23/28
 13321 | D:9      | Offered knowledge of Ignite Poison by Vehumet.
 13373 | D:9      | Reached skill level 1 in Poison Magic
 13456 | D:9      | Reached *** piety under Vehumet
 13826 | D:9      | Found a staircase to the Orcish Mines.
 14184 | D:10     | Entered Level 10 of the Dungeon
 14184 | D:10     | Found a snail-covered altar of Cheibriados.
 14230 | D:10     | Identified the +10 great sword of the Teaching Coward
                  | {protect, rElec}
 14456 | D:10     | Found a transporter.
 14456 | D:10     | Noticed a centaur warrior
 14459 | D:10     | Noticed a centaur warrior
 14461 | D:10     | Found a transporter.
 14464 | D:10     | Noticed GreedOfGod's ghost (journeyman DsFi)
 14467 | D:10     | Noticed an orc knight
 14877 | D:10     | You fall into a shaft and drop 3 floors!
 14883 | D:13     | Noticed a tengu warrior
 14888 | D:13     | Noticed a centaur warrior
 14890 | D:13     | Killed a tengu warrior
 14891 | D:13     | Reached skill level 12 in Spellcasting
 14892 | D:13     | HP: 1/63 [centaur warrior/arrow (12)]
 14894 | D:13     | Noticed Rupert
 14900 | D:13     | Paralysed by Rupert for 4 turns
 14904 | D:13     | Slain by Rupert

Illustrated notes

Levels and vault maps discovered:
D:1:      dpeg_arrival_another_circle, layout_basic, serial_shops, shop,
          shapermc_ecumenical_altar_petra, minmay_misc_feat_square
D:2:      layout_rooms, hangedman_abyss_or_decor_stabs, minmay_pentomino_u2,
          uniq_terence, uniq_natasha, uniq_jessica
D:3:      cheibrodos_thug_alley, layout_loops_corners,
          pdpol_wu_jian_five_deadly_venoms, grunt_ministairs_4, uniq_ijyb
D:4:      layout_basic, mainiacjoe_overflow_catwalk,
          nicolae_overflow_hallway_of_the_gods, minmay_diced_spiral
D:5:      layout_cave_pools, minmay_temple_entry_stoned_glass, serial_shops,
          shop, minmay_manual_mess, uniq_pikel, uniq_sigmund,
          uniq_crazy_yiuf_cottage
D:6:      layout_loops_ring, nemelex_spade_bored_becter
D:7:      layout_loops_ring, nicolae_shop_sticking_my_neck_out, uniq_menkaure,
          uniq_maggie, uniq_duvessa
D:8:      layout_loops_ring, grunt_gozag_breadcrumbs, serial_shops,
          nicolae_shop_advertising_works [nicolae_subvault_shop_adworks],
          nicolae_shop_statue_plus, shop, kennysheep_generic_room_12
D:9:      layout_rooms, kennysheep_orc_monster_closet_entryway, serial_shops,
          nicolae_shop_just_a_little_nook, kennysheep_nub
D:10:     layout_stronghold, cheibriados_altar_1, gammafunk_ghost_arena
D:13:     layout_cave_pools, david_vaults_1, ebering_ghost_gozag, uniq_rupert
Temple:   nicolae_temple_hex_pool

Skill      XL: |  1  2  3  4  5  6  7  8  9 10 11 |
---------------+----------------------------------+-----
Fighting       | 1 2 3 5 |  5.0
Conjurations   | 2 3 4 5 6 7 9 |  9.6
Spellcasting   | 4 5 6 8 9 11 12 | 12.0
Fire Magic     | 4 5 6 7 8 9 |  9.0
Ranged Weapons | 3 5 |  5.1
Dodging        | 3 |  3.1
Armour         | 3 |  3.0
Air Magic      | 1 4 |  4.5
Evocations     | 1 2 |  2.0
Poison Magic   | 2 |  2.8
Stealth        | |  2.4

Action                     |  1- 3 |  4- 6 |  7- 9 | 10-12 || total
---------------------------+-------+-------+-------+-------++-------
  Melee: Dagger            |    13 |       |       |       ||    13
         Longbow           |       |       |     1 |       ||     1
   Fire: Longbow           |       |       |   130 |    98 ||   228
   Cast: Foxfire           |    46 |    62 |     8 |     5 ||   121
         Scorch            |     6 |    40 |    65 |    49 ||   160
         Flame Wave        |       |     1 |    19 |    32 ||    52
         Poisonous Vapours |       |       |       |     4 ||     4
  Evoke: Wand              |       |       |     2 |     5 ||     7
    Use: Scroll            |     1 |     5 |     7 |     4 ||    17
         Potion            |       |     4 |     4 |     2 ||    10
 Armour: Robe              |    11 |    21 |    87 |    20 ||   139
         Steam dragon scal |       |       |       |    82 ||    82
  Dodge: Dodged            |    18 |    23 |    74 |   103 ||   218

Table legend: (Time is in decaauts)
 A = Elapsed time spent in this place.
 B = Non-inter-level travel time spent in this place.
 C = Inter-level travel time spent in this place.
 D = Time resting spent in this place.
 E = Time spent auto-exploring this place.
 F = Levels seen in this place.
 G = Mean time per level.
                   A        B        C        D        E       F      G
               +--------+--------+--------+--------+--------+-----+--------+
         Total |  14998 |  14527 |    471 |   5890 |   6743 |  12 | 1249.8 |
       Dungeon |  14953 |  14525 |    428 |   5890 |   6743 |  11 | 1359.4 |
        Temple |     45 |      2 |     43 |      0 |      0 |   1 |   45.0 |
               +--------+--------+--------+--------+--------+-----+--------+

Top non-repeatable levels by time:
     D:1: 1909 daAuts
     D:4: 1902 daAuts
     D:8: 1891 daAuts
     D:3: 1800 daAuts
     D:5: 1767 daAuts
     D:2: 1388 daAuts
     D:9: 1331 daAuts
     D:6: 1327 daAuts
     D:7: 910 daAuts
    D:10: 698 daAuts
  Temple: 45 daAuts
    D:13: 27 daAuts
